 Dungeon Crawl Stone Soup version 0.32-a0-918-g0f22ef8d61 (webtiles) character file.

Game seed: 14398247646807308542

28 Iscandelvey the Conjurer (level 3, 17/28 HPs)
             Began as a Demonspawn Reaver on Apr 11, 2024.
             Was a Follower of Uskayaw.
             Quit the game on level 1 of the Dungeon.
             The game lasted 00:02:22 (627 turns).

Iscandelvey the Conjurer (Demonspawn Reaver)         Turns: 627, Time: 00:02:23

Health: 17/28      AC:  3    Str: 12    XL:     3   Next: 0%
Magic:  6/6        EV: 10    Int: 15    God:    Uskayaw [*.....]
Gold:   50         SH:  0    Dex: 11    Spells: 5/6 levels left

rFire   . . .        a - +0 falchion
rCold   . . .        (no shield)
rNeg    . . .        b - +0 leather armour
rPois   .            (no helmet)
rElec   .            (no cloak)
rCorr   .            (no gloves)
SInv    .            (no boots)
Will    .....        (no amulet)
Stlth   +            (no ring)
HPRegen 0.24/turn    (no ring)
MPRegen 0.10/turn

%: no passive effects
@: wreathed by umbra
A: demonic guardian 1, foul shadow 1
a: Renounce Religion, Stomp


You were on level 1 of the Dungeon.
You worshipped Uskayaw.
Uskayaw was noncommittal.
You visited 1 branch of the dungeon, and saw 1 of its levels.

You collected 50 gold pieces.

Inventory:

Hand Weapons
 a - a +0 falchion (weapon)
Armour
 b - a +0 leather armour (worn)
Scrolls
 c - a scroll of identify {unknown}
Potions
 d - a potion of heal wounds {unknown}
 e - a potion of mutation {unknown}
 f - a potion of attraction {unknown}


   Skills:
 + Level 2.3 Fighting
 + Level 2.9 Long Blades
 + Level 2.1 Dodging
 + Level 2.2 Spellcasting
 + Level 3.2 Conjurations


You had 5 spell levels left.
You knew the following spells:

 Your Spells              Type           Power      Damage    Failure   Level
a - Kiss of Death         Conj/Necr      24%        2d7       14%         1

Your spell library contained the following spells:

 Spells                   Type           Power      Damage    Failure   Level
 Momentum Strike          Conj/Tloc      12%        3d8       22%         2
 Apportation              Tloc           2%         N/A       28%         1
 Hailstorm                Conj/Ice       6%         3d5       38%         3


Dungeon Overview and Level Annotations

Branches:
Dungeon (1/15)

Altars:
Uskayaw


Innate Abilities, Weirdness & Mutations

A weak demonic guardian rushes to your aid.
You are faintly shadowed, very rarely releasing foul flame when damaged in melee.


Message History

You kill the kobold!
Things that are here:
a +0 short sword; a kobold corpse
Found a leather armour.
No target in view!
You see here a +0 leather armour.
A ball python comes into view.
The ball python hisses angrily.
The ball python barely misses you.
A ball python is nearby!
You hit the ball python.
The ball python is severely wounded.
The ball python closely misses you. The ball python grabs you.
The ball python constricts you.
A ball python is nearby!
You barely miss the ball python.
The ball python is severely wounded.
The ball python bites you. The ball python constricts you.
The ball python bites you. The ball python constricts you.
A ball python is nearby!
You barely miss the ball python.
The ball python is severely wounded.
The ball python bites you.
A demonic guardian appears!
The ball python constricts you.
A ball python is nearby!
You closely miss the ball python.
The ball python is severely wounded.
The ball python bites you. The ball python constricts you.
A ball python is nearby!
You hit the ball python.
You kill the ball python!
You have reached level 3!
Your experience leads to an increase in your attributes!
Increase (S)trength, (I)ntelligence, or (D)exterity?
You feel clever. x2; Your demonic ancestry asserts itself...
Your body darkens with foul flame.
You swap places.
Okay, then.
Unknown command.
Are you sure you want to abandon this character and quit the game? (Confirm with "yes".)

#........#.......................
#.###################.###########
#.# #...............#..........
#.# #.###############.#########
#.# #.# ########.# # #.# #.#
#..†...#.# # #.#
#.########.####.#.# # #.#
#.......##5# #.# # #.#
#######.##@######.# #
#.###########.##.....[..# #
#.............########### #
#.############# # ###


You could see a friendly white imp (summoned).

Vanquished Creatures
  A ball python (D:1)
  2 endoplasms (D:1)
  3 giant cockroaches (D:1)
  2 goblins (D:1)
  2 hobgoblins (D:1)
  3 jackals (D:1)
  A quokka (D:1)
  3 bats (D:1)
  2 frilled lizards (D:1)
  4 kobolds (D:1)
23 creatures vanquished.

Notes
Turn   | Place    | Note
-------+----------+-------------------------------------------
     0 | D:1      | Iscandelvey the Demonspawn Reaver began the quest for the
                  | Orb.
     0 | D:1      | Reached XP level 1. HP: 16/16 MP: 3/3
    60 | D:1      | Gained mutation: A weak demonic guardian rushes to your
                  | aid. [demonic ancestry]
    60 | D:1      | Reached XP level 2. HP: 9/22 MP: 5/5
   238 | D:1      | Found a faded altar of an unknown god.
   243 | D:1      | Got Plato's Catalogue of the World
   320 | D:1      | Prayed at the altar of an unknown god.
   320 | D:1      | Became a worshipper of Uskayaw the Reveller
   320 | D:1      | Reached * piety under Uskayaw
   548 | D:1      | Reached ** piety under Uskayaw
   623 | D:1      | Gained mutation: You are faintly shadowed, very rarely
                  | releasing foul flame when damaged in melee. [demonic
                  | ancestry]
   623 | D:1      | Reached XP level 3. HP: 16/28 MP: 6/6
   627 | D:1      | Quit the game

Illustrated notes

Levels and vault maps discovered:
D:1:      lightli_iron_boxes, layout_basic, shapermc_ecumenical_altar_rom_forum,
          amethyst_killhole, minmay_stone_trees_small, minmay_pentomino_p2

Skill      XL: |  1  2 |
---------------+-------+-----
Dodging        | 2 |  2.1
Fighting       | |  2.3
Long Blades    | |  2.9
Spellcasting   | |  2.2
Conjurations   | |  3.2

Action                     || total
---------------------------++-------
  Melee: Falchion          ||    88
 Invoke: Stomp             ||     1
 Armour: Leather armour    ||    68
  Dodge: Dodged            ||    58

Table legend: (Time is in decaauts)
 A = Elapsed time spent in this place.
 B = Non-inter-level travel time spent in this place.
 C = Inter-level travel time spent in this place.
 D = Time resting spent in this place.
 E = Time spent auto-exploring this place.
 F = Levels seen in this place.
 G = Mean time per level.
                   A        B        C        D        E       F      G
               +--------+--------+--------+--------+--------+-----+--------+
         Total |    640 |    640 |      0 |      0 |    434 |   1 |  640.0 |
       Dungeon |    640 |    640 |      0 |      0 |    434 |   1 |  640.0 |
               +--------+--------+--------+--------+--------+-----+--------+

Top non-repeatable levels by time:
     D:1: 640 daAuts
